 Dungeon Crawl Stone Soup version 0.29-a0-360-g8ed1089bbe (webtiles) character file.

Game seed: 6508395095446040493

2753 kevlar127 the Ruffian (level 9, 0/91 HPs)
             Began as a Troll Berserker on Apr 28, 2022.
             Was an Elder of Trog.
             Slain by an orc warrior
             ... wielding a +0 broad axe
              (8 damage)
             ... in a bailey.
             The game lasted 00:24:57 (5876 turns).

kevlar127 the Ruffian (Troll Berserker)             Turns: 5876, Time: 00:24:58

Health: 0/91       AC:  5    Str: 37    XL:     9   Next: 41%
Magic:  8/8        EV: 10    Int:  3    God:    Trog [****..]
Gold:   322        SH:  0    Dex: 15    Spells: 8/8 levels left

rFire   . . .      SeeInvis +     - Unarmed
rCold   + + .      Faith    .   (no shield)
rNeg    . . .      Spirit   .   F - +1 robe of the Doomed God {*Slow rC++ Slay+2 SInv}
rPois   .          Reflect  .   (helmet restricted)
rElec   .          Harm     .   (no cloak)
rCorr   .          Rampage  .   (gloves unavailable)
Will    .....                   (boots unavailable)
Stlth   +.........              p - amulet of regeneration
HPRegen 1.85/turn               r - +6 ring of strength
MPRegen 0.11/turn               D - +6 ring of dexterity

@: no status effects
A: large, unfitting armour, claws 3, regeneration 1, shaggy fur 1, tough skin 1
a: Renounce Religion, Berserk, Trog's Hand, Brothers in Arms


You were in a bailey.
You worshipped Trog.
Trog was greatly pleased with you.
You visited 1 branch of the dungeon, and saw 7 of its levels.
You also visited: Bailey.

You collected 342 gold pieces.
You spent 20 gold pieces at shops.

Inventory:

Missiles
 g - 201 stones
 h - 6 atropa-tipped darts
 B - 8 poisoned darts
 I - a curare-tipped dart
 K - 17 boomerangs (quivered)
 N - 5 javelins
Armour
 a - a +0 animal skin
 F - the +1 robe of the Doomed God (worn) {*Slow rC++ Slay+2 SInv}
   (You found it on level 6 of the Dungeon)

   Slay:      It affects your accuracy & damage with ranged weapons and melee
   (+2).
   rC:        It greatly protects you from cold.
   SInv:      It lets you see invisible.
   *Slow:     It may slow you when you take damage.
 M - a +0 kite shield
Jewellery
 o - a ring of magical power
 p - an amulet of regeneration (around neck)
 r - a +6 ring of strength (left claw)
 D - a +6 ring of dexterity (right claw)
 G - a ring of positive energy
Wands
 t - a wand of flame (34)
 w - a wand of iceblast (23)
 E - a wand of mindburst (13)
Scrolls
 b - 4 scrolls of enchant armour {unknown}
 c - 8 scrolls of identify {unknown}
 d - 5 scrolls of teleportation {unknown}
 e - 2 scrolls of amnesia {unknown}
 l - a scroll of silence {unknown}
 n - 2 scrolls of noise {unknown}
 u - a scroll of magic mapping {unknown}
 y - a scroll of blinking {unknown}
 C - a scroll of fog
 H - a scroll of immolation {unknown}
 J - a scroll of vulnerability {unknown}
 O - a scroll of fear {unknown}
 P - a scroll of acquirement
Potions
 f - a potion of heal wounds {unknown}
 i - 2 potions of magic {unknown}
 j - a potion of invisibility {unknown}
 k - 3 potions of curing
 m - 2 potions of lignification {unknown}
 q - a potion of brilliance {unknown}
 s - a potion of ambrosia {unknown}
 v - 2 potions of mutation {unknown}
 x - a potion of berserk rage {unknown}
 z - 4 potions of flight {unknown}
 A - 2 potions of attraction {unknown}
 L - a potion of haste {unknown}


   Skills:
 + Level 6.3 Fighting
 - Level 5.0 Throwing
 + Level 1.1 Armour
 - Level 3.0 Dodging
 + Level 1.1 Shields
 + Level 7.5 Unarmed Combat
 + Level 3.9 Evocations


You had 8 spell levels left.
You didn't know any spells.
Your spell library was empty.

Dungeon Overview and Level Annotations

Branches:
Dungeon (7/15)             Temple (0/1) D:6          Bailey (1/1)

Altars:
Kikubaaqudgha
Okawaru
Qazlal
Wu Jian
Zin

Shops:
D:4 **


Innate Abilities, Weirdness & Mutations

You are too large for most types of armour.
You have claws for hands.
Your natural rate of healing is unusually fast.
You are covered in fur. (AC +1)
You have tough skin. (AC +1)


Message History

You enter the shallow water.
Moving in this stuff is going to be slow.
The orc warrior closely misses you.
The orc warrior attacks as you move away!
The orc warrior hits you with a +0 broad axe.
The orc warrior hits you with a +0 war axe!
* * * LOW HITPOINT WARNING * * *
The orc warrior attacks as you move away!
The orc warrior hits you with a +0 war axe!
* * * LOW HITPOINT WARNING * * *
You feel the effects of Trog's Hand fading.
You barely miss the orc warrior.
The orc warrior is severely wounded.
You scratch the orc warrior.
The orc warrior is severely wounded.
The orc warrior closely misses you.
You barely miss the orc warrior. You claw the orc warrior.
You kill the orc warrior!
Trog accepts your kill.
Your skin stops crawling.
You feel less strong-willed.
Your Armour skill increases to level 1!
Your Shields skill increases to level 1!
Unknown command.
You closely miss the gnoll. The gnoll hits you with a +0 hand axe!
You barely miss the gnoll.
The orc warrior hits you with a +0 broad axe!
* * * LOW HITPOINT WARNING * * *
The gnoll hits you with a +0 hand axe.
* * * LOW HITPOINT WARNING * * *
You scratch the gnoll.
The gnoll is heavily wounded.
The orc warrior hits you with a +0 broad axe!
* * * LOW HITPOINT WARNING * * *
The gnoll barely misses you.
Unknown command.
The gnoll hits you with a +0 hand axe.
* * * LOW HITPOINT WARNING * * *
The orc warrior attacks as you move away!
The orc warrior hits you with a +0 broad axe!
You die...

≈≈##.....)##≈≈≈#≈ ####......#
≈≈#........#########......8...#
≈≈#..8..8..÷.'.....')...)....$#
#..........#≈≈≈≈≈#.........?#
##.........#≈≈≈≈≈#...8..8.?##
##...8...##≈≈≈≈≈##.......##
##.....##.......##....?##
##...##..)g.....##.$!##
#####♣♣♣.o@..♣♣♣ #### ♣♣♣∩♣♣♣
♣♣♣


You could see an orc warrior and a gnoll.

Vanquished Creatures
  Grinder (D:4)
  A hornet (D:7)
  Eustachio (D:4)
  Menkaure (D:4)
  A water moccasin (D:6)
  3 orc warriors
  2 ice beasts
  A centaur (D:6)
  A kobold brigand (D:6)
  A bullfrog (D:6)
  A necrophage (D:4)
  3 scorpions
  Blork the orc (D:4)
  3 wights (D:7)
  A howler monkey (D:6)
  2 orc priests
  7 hounds
  A gnoll shaman (D:5)
  5 iguanas
  An orc wizard (D:4)
  Natasha (thrice) (D:4)
  6 adders
  7 gnolls
  A shadow imp (D:6)
  A white imp (D:6)
  An ufetubus (D:6)
  3 worms
  8 dart slugs
  16 orcs
  5 bats
  6 endoplasms
  4 giant cockroaches
  12 goblins
  10 hobgoblins
  6 jackals
  4 quokkas
  3 ball pythons
  14 frilled lizards
  23 kobolds
  3 rats
174 creatures vanquished.

Vanquished Creatures (others)
  A hobgoblin (D:3)
  8 plants (D:3)
9 creatures vanquished.

Grand Total: 183 creatures vanquished

Notes
Turn   | Place    | Note
-------+----------+-------------------------------------------
     0 | D:1      | kevlar127 the Troll Berserker began the quest for the Orb.
     0 | D:1      | Reached XP level 1. HP: 22/22 MP: 0/0
    59 | D:1      | Reached XP level 2. HP: 28/29 MP: 1/1
   561 | D:2      | Reached XP level 3. HP: 34/36 MP: 2/2
   746 | D:2      | Reached ** piety under Trog
   748 | D:2      | Reached XP level 4. HP: 43/45 MP: 3/3
   870 | D:2      | Found a faded altar of an unknown god.
  1016 | D:2      | Reached skill level 4 in Unarmed Combat
  1689 | D:3      | Reached XP level 5. HP: 27/53 MP: 4/4
  2471 | D:4      | Noticed Blork the orc
  2471 | D:4      | Noticed Natasha
  2475 | D:4      | Noticed Eustachio
  3072 | D:4      | Killed Eustachio
  3073 | D:4      | Reached skill level 1 in Throwing
  3073 | D:4      | Reached XP level 6. HP: 62/62 MP: 5/5
  3076 | D:4      | Reached skill level 5 in Unarmed Combat
  3091 | D:4      | HP: 3/62 [hobgoblin (2)]
  3180 | D:4      | Killed Natasha
  3203 | D:4      | Killed Blork the orc
  3203 | D:4      | Reached *** piety under Trog
  3373 | D:4      | Reached XP level 7. HP: 62/71 MP: 6/6
  3391 | D:4      | Noticed Natasha
  3393 | D:4      | Noticed Grinder
  3397 | D:4      | Killed Natasha
  3401 | D:4      | Paralysed by Grinder for 2 turns
  3434 | D:4      | Paralysed by Grinder for 2 turns
  3444 | D:4      | Killed Grinder
  3445 | D:4      | Reached skill level 1 in Evocations
  3546 | D:4      | Noticed Natasha
  3550 | D:4      | Killed Natasha
  3840 | D:4      | Noticed Menkaure
  3856 | D:4      | Killed Menkaure
  3857 | D:4      | Reached skill level 5 in Fighting
  3963 | D:4      | Found Vathewudips's General Store.
  3966 | D:4      | Found Bipreri's Specific Store.
  3974 | D:4      | Bought a scroll of fog for 20 gold pieces
  4004 | D:5      | Entered Level 5 of the Dungeon
  4004 | D:5      | Found a stormy altar of Qazlal.
  4004 | D:5      | Found an ornate altar of the Wu Jian Council.
  4095 | D:6      | Reached skill level 6 in Unarmed Combat
  4140 | D:6      | Reached XP level 8. HP: 80/80 MP: 7/7
  4201 | D:6      | Identified the +1 robe of the Doomed God {*Slow rC++ Slay+2
                  | SInv}
  4680 | D:5      | Reached **** piety under Trog
  5023 | D:6      | Found a staircase to the Ecumenical Temple.
  5114 | D:6      | Reached skill level 7 in Unarmed Combat
  5223 | D:7      | Reached XP level 9. HP: 89/89 MP: 8/8
  5224 | D:7      | Identified the +2 falchion of Dim Light {speed, rN+ Str-3
                  | Int+4 Stlth+}
  5255 | D:7      | Found a glowing silver altar of Zin.
  5262 | D:7      | Found an ancient bone altar of Kikubaaqudgha.
  5347 | D:7      | Reached skill level 5 in Throwing
  5525 | D:7      | Found a flagged portal.
  5576 | D:7      | Found an iron altar of Okawaru.
  5612 | Bailey   | Entered a bailey
  5617 | Bailey   | Noticed an orc warlord
  5871 | Bailey   | Reached skill level 1 in Armour
  5871 | Bailey   | Reached skill level 1 in Shields
  5876 | Bailey   | Slain by an orc warrior

Illustrated notes

Levels and vault maps discovered:
D:1:      minmay_arrival_doors, layout_rooms, serial_park_tiny_1
D:2:      layout_rooms, chequers_ecumenical_altar_island
D:3:      layout_basic, minivault_24, minmay_lizard_king
D:4:      layout_rooms, nicolae_specific_store, uniq_blork_the_orc,
          uniq_eustachio, uniq_natasha, uniq_grinder, uniq_menkaure
D:5:      layout_basic, nicolae_overflow_hidden_temple, serial_glass,
          glass_columns_b, glass_columns_a, glass_columns_c, glass_columns_a,
          glass_columns_b, glass_columns_a
D:6:      layout_rooms, minmay_temple_entry_statues_fountains
D:7:      kennysheep_seaside_town, layout_loops_cross,
          mainiacjoe_overflow_large_starburst, kennysheep_mini, enter_bailey_8,
          minmay_holes, minmay_fountain_box
Bailey:   bailey_axe_bossmonster_kennysheep, bailey

Skill      XL: |  1  2  3  4  5  6  7  8  9 |
---------------+----------------------------+-----
Fighting       | 3 4 5 6 |  6.3
Dodging        | 3 |  3.0
Unarmed Combat | 4 5 6 7 |  7.5
Throwing       | 1 2 3 4 5 |  5.0
Evocations     | 2 3 |  3.9
Armour         | 1 |  1.1
Shields        | 1 |  1.1

Action                   |  1- 3 |  4- 6 |  7- 9 || total
-------------------------+-------+-------+-------++-------
Melee: Unarmed           |    63 |   167 |   187 ||   417
       Punch             |     1 |     3 |     7 ||    11
Throw: Dart              |       |     3 |     6 ||     9
       Stone             |       |     2 |     8 ||    10
       Boomerang         |       |       |    26 ||    26
Invok: Berserk           |     1 |     1 |     2 ||     4
       Trog's Hand       |       |     1 |     3 ||     4
 Stab: Sleeping          |       |     1 |       ||     1
Armor: Animal skin       |    27 |    44 |     6 ||    77
       Robe              |       |       |    38 ||    38
Dodge: Dodged            |    47 |    93 |    82 ||   222

Table legend: (Time is in decaauts)
 A = Elapsed time spent in this place.
 B = Non-inter-level travel time spent in this place.
 C = Inter-level travel time spent in this place.
 D = Time resting spent in this place.
 E = Time spent auto-exploring this place.
 F = Levels seen in this place.
 G = Mean time per level.
                   A        B        C        D        E       F      G
               +--------+--------+--------+--------+--------+-----+--------+
         Total |   5876 |   5512 |    364 |   1612 |   2708 |   8 |  734.5 |
       Dungeon |   5609 |   5245 |    364 |   1507 |   2680 |   7 |  801.3 |
        Bailey |    266 |    266 |      0 |    105 |     28 |   1 |  266.0 |
               +--------+--------+--------+--------+--------+-----+--------+

Top non-repeatable levels by time:
     D:3: 1903 daAuts
     D:4: 896 daAuts
     D:2: 665 daAuts
     D:5: 638 daAuts
     D:6: 559 daAuts
     D:1: 552 daAuts
     D:7: 394 daAuts
  Bailey: 266 daAuts
